 Dungeon Crawl Stone Soup version 0.22-a0-40-g3d2f077 (webtiles) character file.

296 Faca the Cudgeler (level 6, -6/37 HPs)
             Began as a Gargoyle Gladiator on Jan 4, 2018.
             Killed by divine providence
             ... invoked by an orc priest
              (13 damage)
             ... on level 3 of the Dungeon.
             The game lasted 00:07:12 (3089 turns).

Faca the Cudgeler (Gargoyle Gladiator)              Turns: 3089, Time: 00:07:13

Health: -6/37      AC: 14    Str: 18    XL:     6   Next: 35%
Magic:  6/6        EV:  8    Int:  8    God:
Gold:   206        SH:  0    Dex: 13    Spells: 5/5 levels left

rFire    . . .     SeeInvis .   k - +1 whip (drain)
rCold    . . .     Gourm    .   (no shield)
rNeg     + . .     Faith    .   p - +0 chain mail
rPois    ∞         Spirit   .   c - +0 helmet
rElec    +         Reflect  .   (no cloak)
rCorr    .         Harm     .   (no gloves)
MR       .....                  (no boots)
Stlth    ..........             (no amulet)
HPRegen  0.12/turn              e - +1 ring of slaying
MPRegen  0.10/turn              (no ring)

@: no status effects
A: negative energy resistance 1, electricity resistance, unbreathing,
petrification resistance, rot immunity, AC +4
a: no special abilities


You were on level 3 of the Dungeon.
You were not hungry.

You visited 1 branch of the dungeon, and saw 3 of its levels.

You collected 206 gold pieces.

Inventory:

Hand Weapons
 a - a +0 flail
 k - a +1 whip of draining (weapon)
Missiles
 d - 3 throwing nets (quivered)
Armour
 c - a +0 helmet (worn)
 p - a +0 chain mail (worn)
Jewellery
 e - a +1 ring of slaying (left hand)
Scrolls
 b - 2 scrolls of magic mapping
 g - 4 scrolls of remove curse
 i - a scroll of fog {unknown}
 m - 3 scrolls of identify
 n - a scroll of random uselessness {unknown}
Potions
 f - 4 potions of curing
 h - a potion of brilliance
 j - a potion of agility
 l - a potion of resistance
Comestibles
 o - 2 rations
 q - 9 chunks of flesh


   Skills:
 + Level 3.5 Fighting
 + Level 5.3 Maces & Flails
 - Level 1.7 Throwing
 + Level 2.0 Armour
 + Level 3.2 Dodging


You had 5 spell levels left.
You didn't know any spells.

Dungeon Overview and Level Annotations

Branches:
Dungeon (3/15)

Altars:

Annotations:
D:3 cellescent's ghost, amateur GnWn


Innate Abilities, Weirdness & Mutations

You are resistant to torment.
Your stone body is resilient. (AC +4)
You are immune to poison.
You resist negative energy. (rN+)
You are resistant to electric shocks. (rElec)
You can survive without breathing.
You are immune to petrification.
You are immune to rotting.


Message History

You hit the orc wizard.
The orc wizard is moderately wounded.
The orc wizard hits you but does no damage.
You barely miss the orc wizard.
The orc wizard is moderately wounded.
The orc wizard gestures at you while chanting.
The magic dart hits you!
You closely miss the orc wizard.
The orc wizard is moderately wounded.
The orc wizard hits you but does no damage.
The orc priest invokes the aid of Beogh against you.
Beogh smites you!
* * * LOW HITPOINT WARNING * * *
The orc wizard hits you but does no damage.
You closely miss the orc priest.
The orc priest is moderately wounded.
The orc wizard hits you but does no damage.
The orc priest mumbles some strange prayers to Beogh against you.
Beogh smites you!
You die...

#.##.##.# .##
#.##.##.# #
#.##.##.# #.##)##.#
#.##.##.#
########.##.##.#
.........##.##.#
###########.##.####
#....o@.#
##...##o###o####
#.####oo..o.... #.#
#####o#### #.# ###
##.######## ..
#.......... #
#..######## # #..#


You could see an orc priest, an orc wizard and 2 orcs.

Vanquished Creatures
  An ogre (D:3)
  Jessica (D:2)
  An orc wizard (D:3)
  7 adders
  An ooze (D:3)
  2 worms
  5 leopard geckos
  14 orcs (D:3)
  5 bats
  2 giant cockroaches
  4 goblins
  4 hobgoblins
  5 jackals (D:2)
  2 quokkas
  2 ball pythons
  7 frilled lizards
  6 kobolds
  8 rats
77 creatures vanquished.

Vanquished Creatures (others)
  2 draconians (D:1)
  An octopode (D:1)
  A gargoyle (D:1)
  A vine stalker (D:1)
  A formicid (D:1)
  2 spriggans (D:1)
  2 nagas (D:1)
  2 mummies (D:1)
  4 tentacles (D:1)
16 creatures vanquished.

Grand Total: 93 creatures vanquished

Notes
Turn   | Place    | Note
-------+----------+-------------------------------------------
     0 | D:1      | Faca the Gargoyle Gladiator began the quest for the Orb.
     0 | D:1      | Reached XP level 1. HP: 12/12 MP: 1/1
     0 | D:1      | Noticed a naga
     0 | D:1      | Noticed a formicid
     0 | D:1      | Noticed a spriggan
     0 | D:1      | Noticed a vine stalker
     0 | D:1      | Noticed a kraken
     0 | D:1      | Noticed a spriggan
     0 | D:1      | Noticed an octopode
     0 | D:1      | Noticed a draconian
     0 | D:1      | Noticed a naga
     0 | D:1      | Noticed a gargoyle
     0 | D:1      | Noticed a draconian
     5 | D:1      | Killed a gargoyle
     6 | D:1      | Killed a spriggan
     9 | D:1      | Killed a draconian
    13 | D:1      | Killed a spriggan
    13 | D:1      | Killed a naga
    14 | D:1      | Killed a formicid
    15 | D:1      | Killed a draconian
    15 | D:1      | Killed a vine stalker
    16 | D:1      | Killed an octopode
    16 | D:1      | Killed a naga
    87 | D:1      | Reached XP level 2. HP: 8/17 MP: 2/2
  1291 | D:2      | Reached XP level 3. HP: 22/22 MP: 3/3
  1436 | D:2      | Noticed Jessica
  1444 | D:2      | Killed Jessica
  1444 | D:2      | Reached skill level 4 in Maces & Flails
  1444 | D:2      | Reached XP level 4. HP: 27/27 MP: 4/4
  1868 | D:2      | Reached skill level 1 in Armour
  2003 | D:3      | Noticed an ogre
  2017 | D:3      | Reached XP level 5. HP: 32/32 MP: 5/5
  2036 | D:3      | Killed an ogre
  2036 | D:3      | Reached skill level 5 in Maces & Flails
  2350 | D:3      | Reached XP level 6. HP: 34/37 MP: 6/6
  2434 | D:3      | Noticed cellescent's ghost (amateur GnWn)
  3089 | D:3      | Killed from afar by an orc priest

Vault maps used:
D:1:      nicolae_arrival_kraken_aquarium_a, minmay_unequal
D:2:      uniq_jessica
D:3:      first_ration

Skill      XL: |  1  2  3  4  5  6 |
---------------+-------------------+-----
Maces & Flails | 4 5 |  5.3
Dodging        | 3 |  3.2
Fighting       | 3 |  3.5
Armour         | 1 2 |  2.0
Throwing       | |  1.7

Action                   |  1- 3 |  4- 6 || total
-------------------------+-------+-------++-------
Melee: Flail             |    63 |       ||    63
       Whip              |    36 |   187 ||   223
  Use: Scroll            |     5 |     4 ||     9
  Eat: Ration            |     1 |       ||     1
       Chunk             |       |     4 ||     4
Armor: Leather armour    |    35 |       ||    35
       Scale mail        |     5 |    69 ||    74
       Ring mail         |     4 |       ||     4
       Chain mail        |       |    17 ||    17
Dodge: Dodged            |    76 |    84 ||   160

Table legend:
 A = Spawn XP
 B = Non-spawn XP
 C = Spawn XP percentage of total XP
 D = Spawn monster count
 E = Non-spawn monster count
 F = Spawn count percentage of total count
 G = Total turns spent on level
                    A         B        C        D         E        F      G
               +---------+---------+-------+---------+---------+-------+---------
         Total |       0 |     424 |   0.0 |       0 |      77 |   0.0 |  3089
               +---------+---------+-------+---------+---------+-------+---------
           D:1 |       0 |      33 |   0.0 |       0 |      20 |   0.0 |  1290
           D:2 |       0 |     119 |   0.0 |       0 |      21 |   0.0 |   982
           D:3 |       0 |     272 |   0.0 |       0 |      36 |   0.0 |   817
               +---------+---------+-------+---------+---------+-------+---------
